 Dungeon Crawl Stone Soup version 0.30.1 (webtiles) character file.

Game seed: 2105597853706626416

30679 Graphine the Covert (level 13, -8/79 HPs)
             Began as a Vampire Gladiator on July 7, 2023.
             Was a Believer of Ashenzari.
             Mangled by a very large slime creature (41 damage)
             ... on level 13 of the Dungeon.
             The game lasted 00:57:35 (11768 turns).

Graphine the Covert (Vampire Gladiator)            Turns: 11768, Time: 00:57:36

Health: -8/79      AC: 15    Str: 13    XL:     13   Next: 21%
Magic:  19/25      EV: 20    Int: 14    God:    Ashenzari [**....]
Gold:   853        SH: 10    Dex: 21    Spells: 18/28 levels left

rFire   . . .        o - +8 rapier of Ouranomancy {heavy, *Rage Dex+4, Alch, Fort} (curse)
rCold   + + +        A - +3 warlock's mirror {omnireflect, Fort, Alch} (curse)
rNeg    + + +        F - +0 acid dragon scales
rPois   ∞            N - +1 hat
rElec   .            M - +2 cloak
rCorr   +            s - +0 pair of gloves
SInv    +            (no boots)
Will    ++...        (no amulet)
Stlth   +++++++      p - ring of Ashenzari's Repose {AC+4, Self, Bglg} (curse)
HPRegen 0.00/turn    Q - ring of the Wild Blue Yonder {Contam rPois rC+ Will+, Cun, Fort} (curse)
MPRegen 0.19/turn

%: reflection
@: bloodless, inhibited regen, studying Poison Magic
A: bloodless, fangs 3, see invisible, vampiric 2
a: Bat Form, Revivify, Renounce Religion, Shatter the Chains


You were on level 13 of the Dungeon.
You worshipped Ashenzari.
Ashenzari was pleased with you.
You visited 2 branches of the dungeon, and saw 16 of its levels.
You also visited: Ossuary.

You collected 853 gold pieces.

Inventory:

Hand Weapons
 h - a +0 short sword
 o - the cursed +8 rapier of Ouranomancy (weapon) {heavy, *Rage Dex+4, Alch, Fort}
   (You acquired it on level 4 of the Dungeon)

   Dex:       It affects your dexterity (+4).
   *Rage:     It berserks you when you make melee attacks (+20% chance).
   It has a curse which improves the following skills: Alchemy: Poison Magic and
   Transmutations.
   Fortitude: Armour and Shields.
 E - a +3 quarterstaff of chaos
 L - a +4 dagger of chaos
Missiles
 b - 5 silver javelins (quivered)
 c - 8 throwing nets
 d - a javelin
Armour
 s - a +0 pair of gloves (worn)
 A - the cursed +3 warlock's mirror (worn) {omnireflect, Fort, Alch}
   (You acquired it in an ossuary)

   Omnireflect: It can block and reflect piercing ranged attacks and magical
   attacks against the wielder's willpower.
   It has a curse which improves the following skills: Fortitude: Armour and
   Shields.
   Alchemy:   Poison Magic and Transmutations.
 F - +0 acid dragon scales (worn)
 M - a +2 cloak (worn)
 N - a +1 hat (worn)
 P - a +0 troll leather armour
Magical Staves
 l - a staff of earth
 B - a staff of death
Jewellery
 a - a ring of fire
 p - the cursed ring of Ashenzari's Repose (left hand) {AC+4, Self, Bglg}
   (You took it off a kobold on level 2 of the Dungeon)

   [ring of protection]

   AC:        It affects your AC (+4).
   It has a curse which improves the following skills: Introspection: Fighting
   and Spellcasting.
   Beguiling: Conjurations, Hexes and Translocations.
 w - a ring of positive energy
 I - a ring of ice
 Q - the cursed ring of the Wild Blue Yonder (right hand) {Contam rPois rC+ Will+, Cun, Fort}
   (You took it off a tengu warrior on level 12 of the Dungeon)

   [ring of willpower]

   rC:        It protects you from cold.
   rPois:     It protects you from poison.
   Contam:    It causes magical contamination when unequipped.
   Will:      It increases your willpower.
   It has a curse which improves the following skills: Cunning: Dodging and
   Stealth.
   Fortitude: Armour and Shields.
 R - the ring "Inefuixi" {rPois SInv}
   (You took it off a centaur warrior on level 12 of the Dungeon)

   [ring of see invisible]

   rPois:     It protects you from poison.
   SInv:      It lets you see invisible.
 S - the ring "Fyirutz" {rPois rF+ rC+ Str+6}
   (You found it on level 12 of the Dungeon)

   [ring of strength]

   Str:       It affects your strength (+6).
   rF:        It protects you from fire.
   rC:        It protects you from cold.
   rPois:     It protects you from poison.
 T - the ring of Yqiveuwk {rC+ Str+6}
   (You found it on level 12 of the Dungeon)

   [ring of protection from cold]

   Str:       It affects your strength (+6).
   rC:        It protects you from cold.
Wands
 k - a wand of iceblast (19)
 H - a wand of paralysis (16)
 O - a wand of digging (5)
Scrolls
 m - 11 scrolls of teleportation
 r - 2 scrolls of blinking
 t - a scroll of silence
 v - 3 scrolls of immolation
 y - 3 scrolls of fog
 D - a scroll of fear
 G - a scroll of amnesia
 U - a scroll of brand weapon
Potions
 e - a potion of heal wounds
 f - 4 potions of haste
 g - 4 potions of curing
 i - 2 potions of magic
 j - 6 potions of attraction
 n - 2 potions of mutation
 u - 2 potions of lignification
 x - 2 potions of brilliance
 z - a potion of flight
 C - 3 potions of invisibility
 J - 3 potions of berserk rage
Miscellaneous
 q - a piece from Xom's chessboard (15/15)
 K - a lightning rod (2/4)


   Skills:
 + Level 7.5(8.7) Fighting
 - Level 10.0 Short Blades
 - Level 1.5 Throwing
 + Level 1.0(2.3) Armour
 - Level 12.0(13.0) Dodging
 + Level 12.2(13.3) Stealth
 - Level 4.8(7.0) Shields
 - Level 4.1 Unarmed Combat
 + Level 7.2(8.4) Spellcasting
 - Level 5.0(6.1) Hexes
 - Level 5.0 Summonings
 * Level 7.1(8.9) Transmutations
 + Level 6.0(7.7) Poison Magic


You had 18 spell levels left.
You knew the following spells:

 Your Spells              Type           Power      Damage    Failure   Level
a - Summon Small Mammal   Summ           76%        N/A       3%          1
b - Call Canine Familiar  Summ           19%        N/A       9%          3
c - Summon Guardian Gole  Hex/Summ       21%        N/A       7%          3
d - Tukima's Dance        Hex            23%        N/A       6%          3

Your spell library contained the following spells:

 Spells                   Type           Power      Damage    Failure   Level
 Passwall                 Tmut/Erth      15%        N/A       5%          2
 Cause Fear               Hex            11%        N/A       19%         4
 Inner Flame              Hex/Fire       14%        N/A       21%         3
 Sandblast                Erth           10%        2d5       24%         1
 Yara's Violent Unravell  Hex/Tmut       13%        3d7       30%         5
 Stone Arrow              Conj/Erth      12%        3d7       56%         3
 Flame Wave               Conj/Fire      6%         2d5       92%         4
 Passage of Golubria      Tloc           6%         N/A       92%         4
 Sticky Flame             Conj/Fire      6%         2d3       92%         4
 Dragon Form              Tmut           15%        N/A       99%         7
 Dragon's Call            Summ           9%         N/A       100%        9


Dungeon Overview and Level Annotations

Branches:
Dungeon (15/15)            Temple (1/1) D:7            Lair (0/5) D:9
    Orc (0/2) D:10        Ossuary (visited)
 Vaults: D:13-14     Depths: D:15

Altars:
Ashenzari
Cheibriados
Dithmenos
Fedhas
Gozag
Hepliaklqana
Kikubaaqudgha
Makhleb
Nemelex Xobeh
Okawaru
Qazlal
Ru
Sif Muna
Trog
Uskayaw
Vehumet
Wu Jian
Xom
Yredelemnul

Shops:
D:5 *   D:11 (!   D:13 (


Innate Abilities, Weirdness & Mutations

You do not regenerate when monsters are visible.
You are frail without blood (-20% HP).
You can heal yourself when you bite living creatures.
You are immune to poison.
You have razor-sharp teeth.
You have supernaturally acute eyesight. (SInv)
You are afflicted with vampirism and can become a bat while bloodless.


Message History

The slime creature is engulfed in blazing flames.
The large slime creature is engulfed in blazing flames.
A large slime creature splits.
You puncture the slime creature!
The slime creature is almost dead.
The slime creature is engulfed in blazing flames.
The slime creature closely misses you.
Two slime creatures merge to form a large slime creature.
The slime creature misses you.
You hit the slime creature. You bite the slime creature.
The slime creature is almost dead.
The slime creature hits you.
Unknown command.
The slime creature quivers.
You puncture the slime creature!
You kill the slime creature!
The slime creature is engulfed in blazing flames.
You hit the large slime creature.
The large slime creature is severely wounded.
Two slime creatures merge to form a very large slime creature.
You hit the very large slime creature.
Your bite misses the very large slime creature.
The very large slime creature is heavily wounded.
Casting: Call Canine Familiar (dangerous; 9% risk of failure)
Confirm with . or Enter, or press ? or * to list all spells.
A guardian golem appears, shielding your allies.
The very large slime creature is engulfed in blazing flames.
You block the very large slime creature's attack.
The very large slime creature attacks as you move away!
The very large slime creature hits you!!!
The very large slime creature is engulfed in blazing flames.
You puncture the very large slime creature!
Your bite misses the very large slime creature.
The very large slime creature is severely wounded.
You block the very large slime creature's attack.
You hit the very large slime creature.
The very large slime creature is severely wounded.
The very large slime creature hits you!!!
Ouch! That really hurt!
You die...

#.#######.##.....
#.# #.# ### #.# #.#
#.# #.# #.# #.# #.#
#####.##### #.#
#.........# ####.#
#.###.###.# #9J@.#
#.....# , #.####
#..#### #.#
#)...####.##*
#.######.##.#......
#..{..##.##..#
...#*
#####.##.##)###..<
#{##.##..#.. ,*
#J##.##.#.## #*
#.##.......#.##


You could see a very large slime creature (ally target) and a friendly guardian
golem (summoned).

Vanquished Creatures
  Frances (D:13)
  Snorg (D:12)
  Josephine (D:13)
  Harold (D:11)
  A hydra (D:12)
  3 centaur warriors
  2 two-headed ogres
  A tengu warrior (D:12)
  A skyshark (shapeshifter) (D:12)
  A wizard (D:15)
  Pikel (D:7)
  An orc knight (D:15)
  The ghost of LordXaan the Thaumaturge, a novice DECj of Vehumet (D:7)
  2 ugly things
  5 cyclopes
  2 manticores
  Maurice (D:11)
  A yaktaur (D:12)
  3 gargoyles
  3 kobold demonologists (D:11)
  An unseen horror (D:12)
  Psyche (D:10)
  3 trolls (D:12)
  Grinder (D:5)
  2 hornets
  Sigmund (D:5)
  2 vampires (D:12)
  2 slime creatures (D:13)
  7 wraiths
  2 shadows
  15 yaks
  A steam dragon (D:10)
  4 vampire mosquitoes (D:12)
  Menkaure (D:6)
  A warg (D:10)
  8 acid dragons
  Edmund (D:4)
  A water moccasin (D:9)
  Duvessa (D:5)
  5 orc warriors
  2 black bears
  An ogre (D:5)
  8 centaurs
  Blork the orc (D:4)
  4 kobold brigands
  5 bullfrogs
  2 gnoll sergeants
  2 scorpions (D:9)
  7 wights (D:8)
  6 killer bees (D:10)
  Dowan (D:5)
  5 howler monkeys
  A gnoll bouda (D:7)
  10 hounds
  2 jellies (D:7)
  2 orc priests
  Crazy Yiuf (D:5)
  2 sleepcaps
  6 iguanas
  9 orc wizards
  2 mummies
  17 gnolls
  8 adders
  3 shadow imps
  4 white imps
  2 worms
  3 dart slugs
  35 orcs
  5 endoplasms
  A giant cockroach (D:1)
  3 hobgoblins
  35 kobolds
  3 quokkas
  3 ball pythons
  6 bats
  8 frilled lizards
  5 gnoll skeletons (Ossuary)
  6 goblins
  7 kobold skeletons (Ossuary)
  13 orc skeletons (Ossuary)
  6 rats
  2 butterflies (D:3)
347 creatures vanquished.

Vanquished Creatures (collateral kills)
  A slime creature (D:12)
  A kobold (D:10)
2 creatures vanquished.

Vanquished Creatures (others)
  Fannar (D:12)
  A boulder beetle (D:12)
  Amaemon (D:10)
  A gargoyle (D:12)
  An orange demon (D:10)
  A yaktaur (D:12)
  A hornet (D:12)
  A wraith (D:13)
  A yak (D:10)
  An orc warrior (D:12)
  2 kobolds (D:10)
12 creatures vanquished.

Grand Total: 361 creatures vanquished

Notes
Turn   | Place    | Note
-------+----------+-------------------------------------------
     0 | D:1      | Graphine the Vampire Gladiator began the quest for the Orb.
     0 | D:1      | Reached XP level 1. HP: 16/16 MP: 1/1
   249 | D:1      | Reached XP level 2. HP: 18/22 MP: 2/2
   396 | D:1      | Reached skill level 1 in Stealth
   773 | D:2      | Gained mutation: You are afflicted with vampirism and can
                  | become a bat while bloodless. [Vampire growth]
   773 | D:2      | Reached XP level 3. HP: 27/27 MP: 2/4
  1464 | D:2      | Reached skill level 1 in Spellcasting
  1652 | D:2      | Found a faded altar of an unknown god.
  1704 | D:3      | Reached XP level 4. HP: 20/33 MP: 5/5
  2154 | D:3      | Found a shimmering altar of Xom.
  2403 | D:3      | Found a hide-covered altar of Uskayaw.
  2589 | D:4      | Identified a scroll of acquirement
  2589 | D:4      | Acquired the +8 rapier "Nokull" {heavy, *Rage Dex+4}
  2667 | D:4      | Noticed Blork the orc
  2677 | D:4      | Killed Blork the orc
  2678 | D:4      | Reached skill level 1 in Short Blades
  2678 | D:4      | Reached XP level 5. HP: 20/39 MP: 6/6
  2892 | D:4      | Noticed Edmund
  2898 | D:4      | Killed Edmund
  2899 | D:4      | Reached skill level 1 in Summonings
  2899 | D:4      | Reached XP level 6. HP: 46/46 MP: 8/8
  2956 | D:4      | Reached skill level 5 in Dodging
  3076 | D:4      | Found a shadowy altar of Dithmenos.
  3236 | D:5      | Entered Level 5 of the Dungeon
  3400 | D:5      | Reached XP level 7. HP: 48/51 MP: 10/10
  3443 | D:5      | Noticed Dowan
  3448 | D:5      | Noticed Duvessa
  3450 | D:5      | Noticed Sigmund
  3451 | D:5      | Killed Duvessa
  3454 | D:5      | Killed Dowan
  3460 | D:5      | Killed Sigmund
  3465 | D:5      | Found a sand-covered staircase.
  3470 | Ossuary  | Entered an ossuary
  3470 | Ossuary  | Noticed a wraith
  3470 | Ossuary  | Noticed a wraith
  3470 | Ossuary  | Noticed a wraith
  3544 | Ossuary  | Noticed a wraith
  3570 | Ossuary  | Killed a wraith
  3571 | Ossuary  | Reached XP level 8. HP: 58/58 MP: 11/11
  3805 | Ossuary  | Acquired the +3 warlock's mirror {omnireflect}
  3805 | Ossuary  | Found the +3 warlock's mirror {omnireflect}
  3854 | D:5      | Noticed Grinder
  3871 | D:5      | Killed Grinder
  3872 | D:5      | Reached skill level 5 in Stealth
  4163 | D:5      | Found Zygipa's General Store.
  4256 | D:5      | Found a runed translucent door.
  4257 | D:5      | Noticed Crazy Yiuf
  4266 | D:5      | Killed Crazy Yiuf
  4267 | D:5      | Reached skill level 1 in Shields
  4426 | D:6      | Reached skill level 5 in Short Blades
  4689 | D:6      | Noticed Menkaure
  4696 | D:6      | Killed Menkaure
  5070 | D:7      | Reached XP level 9. HP: 65/65 MP: 12/14
  5319 | D:7      | Found an opulent altar of Gozag.
  5319 | D:7      | Found a sparkling altar of Nemelex Xobeh.
  5331 | D:7      | Learned a level 1 spell: Summon Small Mammal
  5379 | D:7      | Noticed Pikel
  5387 | D:7      | Killed Pikel
  5617 | D:7      | Found a transporter.
  5644 | D:7      | Noticed LordXaan's ghost (novice DECj)
  5721 | D:7      | Found a transporter.
  5767 | D:7      | Found a staircase to the Ecumenical Temple.
  5798 | D:7      | Learned a level 3 spell: Call Canine Familiar
  5801 | Temple   | Entered the Ecumenical Temple
  5977 | Temple   | Became a worshipper of Ashenzari the Shackled
  6094 | D:7      | Reached skill level 1 in Hexes
  6103 | D:7      | Killed LordXaan's ghost
  6332 | D:8      | Reached XP level 10. HP: 63/70 MP: 16/16
  6914 | D:8      | Learned a level 3 spell: Summon Guardian Golem
  7103 | D:9      | Paralysed by a hornet for 2 turns
  7231 | D:9      | Reached skill level 5 in Fighting
  7510 | D:9      | Reached skill level 5 in Summonings
  7704 | D:9      | Found a staircase to the Lair.
  7714 | D:9      | Learned a level 3 spell: Tukima's Dance
  7773 | D:10     | Entered Level 10 of the Dungeon
  7779 | D:10     | Found a snail-covered altar of Cheibriados.
  7804 | D:10     | Noticed Psyche
  7811 | D:10     | Killed Psyche
  7812 | D:10     | Reached skill level 5 in Spellcasting
  7876 | D:10     | Reached XP level 11. HP: 69/80 MP: 18/18
  7913 | D:10     | Found a staircase to the Orcish Mines.
  7985 | D:10     | Noticed Amaemon
  8001 | D:10     | Killed Amaemon
  8002 | D:10     | Reached skill level 5 in Hexes
  8289 | D:10     | Reached skill level 10 in Dodging
  8487 | D:11     | Found Xievodgh's Weapon Boutique.
  8532 | D:11     | Found a sparkling altar of Nemelex Xobeh.
  8544 | D:11     | Noticed Maurice
  8546 | D:11     | Killed Maurice
  8684 | D:11     | Noticed a two-headed ogre
  8697 | D:11     | Killed a two-headed ogre
  8698 | D:11     | Reached skill level 10 in Stealth
  8706 | D:11     | Reached * piety under Ashenzari
  8815 | D:11     | Found Kafig's Distillery.
  8874 | D:11     | Noticed Harold
  8883 | D:11     | Paralysed by Harold for 4 turns
  8889 | D:11     | Killed Harold
  8890 | D:11     | Reached skill level 1 in Transmutations
  9097 | D:12     | Reached skill level 1 in Poison Magic
  9220 | D:12     | Reached skill level 10 in Short Blades
  9335 | D:12     | Found a sacrificial altar of Ru.
  9350 | D:12     | Noticed a white ugly thing
  9362 | D:12     | Killed a white ugly thing
  9363 | D:12     | Reached XP level 12. HP: 69/89 MP: 12/20
  9450 | D:12     | Noticed Fannar
  9475 | D:12     | Killed Fannar
  9550 | D:12     | You fall into a shaft and drop 3 floors!
  9550 | D:15     | Entered Level 15 of the Dungeon
  9573 | D:15     | Noticed a centaur warrior
  9580 | D:15     | Killed a centaur warrior
  9800 | D:13     | Reached ** piety under Ashenzari
 10209 | D:12     | Reached skill level 5 in Transmutations
 10297 | D:12     | Noticed a boulder beetle
 10313 | D:12     | Identified the ring "Inefuixi" {rPois SInv}
 10313 | D:12     | Noticed a centaur warrior
 10317 | D:12     | Identified the ring "Jungeud" {Contam rPois rC+ Will+}
 10317 | D:12     | Noticed a tengu warrior
 10321 | D:12     | Noticed a six-headed hydra
 10323 | D:12     | Killed a centaur warrior
 10326 | D:12     | Killed a tengu warrior
 10329 | D:12     | Killed a six-headed hydra
 10330 | D:12     | Reached skill level 5 in Poison Magic
 10340 | D:12     | Killed a boulder beetle
 10344 | D:12     | HP: 4/94 [skyshark (shapeshifter) (6)]
 10521 | D:12     | Identified the ring "Fyirutz" {rPois rF+ rC+ Str+6}
 10530 | D:12     | Identified the ring of Yqiveuwk {rC+ Str+6}
 10772 | D:12     | Noticed a two-headed ogre
 10787 | D:12     | Killed a two-headed ogre
 10900 | D:12     | Noticed Snorg
 10921 | D:12     | Killed Snorg
 10922 | D:12     | Reached XP level 13. HP: 92/99 MP: 20/25
 11167 | D:12     | Identified the +6 hand axe of a bazaar {drain, Dex+4}
 11310 | D:13     | Found Kunaat's Weapon Shop.
 11412 | D:13     | Noticed Frances
 11418 | D:13     | Killed Frances
 11424 | D:13     | Noticed Josephine
 11436 | D:13     | Killed Josephine
 11602 | D:13     | Reached skill level 1 in Armour
 11768 | D:13     | Mangled by a very large slime creature

Illustrated notes

Levels and vault maps discovered:
D:1:      dpeg_arrival_arbitrary_b, layout_basic
D:2:      layout_basic, shapermc_ecumenical_altar_mp_ritualfount,
          minmay_crystal_room
D:3:      layout_loops_ring, mainiacjoe_overflow_alcove_1, xom_butterflies,
          solitary_fountain, roderic_roman_lattice
D:4:      layout_basic, mainiacjoe_overflow_paths, minmay_goblin_kobold_house,
          uniq_blork_the_orc, uniq_edmund
D:5:      layout_basic, serial_shops, shop, enter_ossuary_2,
          uniq_crazy_yiuf_cottage, uniq_sigmund, uniq_duvessa, uniq_grinder
D:6:      layout_loops_ring, uniq_menkaure
D:7:      layout_loops_ring, grunt_temple_overflow_opulence,
          minmay_temple_entry_arrows, nzn_ghost_randoct, uniq_pikel
D:8:      layout_loops_ring, hangedman_abyss_or_decor_lesser_grid,
          grunt_ministairs_5, hangedman_decor_diamond_cutter,
          amcnicky_mini_pool_small
D:9:      layout_basic, grunt_lair_entry_orc_guard_hut
D:10:     layout_gridville, slow_altar_2, david_orc_3,
          nicolae_concentric_dashed_squares_mild, kennysheep_generic_room_2,
          uniq_psyche, uniq_amaemon
D:11:     layout_long_grid, serial_shops, nicolae_shop_real_fake_doors,
          nicolae_shop_rolling_square, nemelex_spade_bored_becter, uniq_harold,
          uniq_maurice
D:12:     minmay_the_grid_triangle_9x9_rhombus_full
          [minmay_the_grid_triangle_9x9_sparse_checkered,
          minmay_the_grid_triangle_9x9_thin_v,
          minmay_the_grid_triangle_9x9_corruption,
          minmay_the_grid_triangle_9x9_shrine,
          minmay_the_grid_triangle_9x9_intruding_spiral,
          minmay_the_grid_triangle_9x9_sprig,
          minmay_the_grid_triangle_9x9_minimal,
          minmay_the_grid_triangle_9x9_prize_special], layout_stronghold,
          hangedman_ru_absence, uniq_fannar, uniq_snorg
D:13:     layout_loops_ring, serial_shops, shop, serial_rivers,
          chequers_serial_rivers_micro_b, chequers_serial_rivers_room_a,
          chequers_serial_rivers_small_3, chequers_serial_rivers_room_b,
          chequers_serial_rivers_micro_d, chequers_serial_rivers_micro_c,
          nicolae_hexahallways, uniq_frances, uniq_erolcha, uniq_josephine
D:14:     layout_irregular_city, erik_vaults_1, serial_bayou_pond_d,
          kennysheep_another_room, uniq_roxanne, uniq_nessos
D:15:     hangedman_depths_entry_civil_slaughter, layout_irregular_city
Temple:   eino_temple_scatter_basement

Skill      XL: |  1  2  3  4  5  6  7  8  9 10 11 12 13 |
---------------+----------------------------------------+-----
Stealth        | 1 2 3 4 6 7 8 10 11 12 | 12.2
Fighting       | 2 3 4 5 6 7 |  7.5
Dodging        | 4 5 6 7 8 9 11 12 | 12.0
Spellcasting   | 1 2 3 4 5 7 |  7.2
Unarmed Combat | 4 |  4.1
Short Blades   | 1 2 3 4 5 7 8 10 | 10.0
Summonings     | 1 2 3 4 5 |  5.0
Shields        | 1 2 4 |  4.8
Hexes          | 2 4 5 |  5.0
Transmutations | 2 6 7 |  7.1
Poison Magic   | 2 5 6 |  6.0
Armour         | 1 |  1.0
Throwing       | |  1.5

Action                     |  1- 3 |  4- 6 |  7- 9 | 10-12 | 13-15 || total
---------------------------+-------+-------+-------+-------+-------++-------
  Melee: Unarmed           |    34 |       |       |       |       ||    34
         Bite              |    22 |    12 |    25 |    49 |     7 ||   115
         Short sword       |   131 |    59 |       |       |       ||   190
         Punch             |     5 |     3 |     2 |       |       ||    10
         Rapier            |       |    54 |   240 |   399 |    28 ||   721
  Throw: Javelin           |       |       |       |     2 |     1 ||     3
   Cast: Call Canine Famil |       |       |       |    24 |     6 ||    30
         Summon Guardian G |       |       |       |    26 |     6 ||    32
         Summon Small Mamm |       |       |       |     7 |       ||     7
 Invoke: Curse Item        |       |       |       |     3 |     1 ||     4
Ability: Exsanguinate      |       |       |       |       |     1 ||     1
  Evoke: Piece from Xom's  |       |     6 |       |       |       ||     6
         Lightning rod     |       |       |       |     6 |     1 ||     7
         Wand              |       |       |       |     3 |     4 ||     7
    Use: Scroll            |     5 |     9 |     5 |     4 |       ||    23
         Potion            |       |       |     1 |     7 |       ||     8
   Stab: Sleeping          |     6 |     4 |    11 |    13 |     3 ||    37
         Distracted        |       |       |     1 |     2 |       ||     3
         Confused          |       |       |       |     1 |       ||     1
 Armour: Leather armour    |    48 |    37 |    45 |       |       ||   130
         Acid dragon scale |       |       |    31 |   122 |     1 ||   154
  Dodge: Dodged            |   102 |    91 |   173 |   400 |     9 ||   775
  Block: Buckler           |       |       |    89 |   240 |     8 ||   337
         Reflection        |       |       |     8 |    21 |       ||    29
